 Dungeon Crawl Stone Soup version 0.19.4-9-g45fd643 (console) character file.

5571 Grinner the Grappler (level 10, -2/81 HPs)
             Began as a Troll Enchanter on Feb 16, 2017.
             Was a Believer of Qazlal.
             Slain by a centaur (7 damage)
             ... on level 9 of the Dungeon.
             The game lasted 00:29:48 (7718 turns).

Grinner the Grappler (Troll Enchanter)              Turns: 7718, Time: 00:29:49

Health: -2/81      AC:  7    Str: 16    XL:     10   Next: 44%
Magic:  7/14       EV: 10    Int: 13    God:    Qazlal [**....]
Gold:   453        SH:  3    Dex: 11    Spells: 7 memorised, 4 levels left

rFire  . . .     SeeInvis .       - Unarmed
rCold  . . .     Gourm    +     i - +2 robe {Archmagi}
rNeg   . . .     Faith    .     (no shield)
rPois  .         Spirit   .     (helmet restricted)
rElec  +         Reflect  .     (no cloak)
rCorr  .         Harm     .     (gloves unavailable)
MR     +....                    (boots unavailable)
Stlth  +.........               (no amulet)
                                b - +2 ring of dexterity
                                l - ring of protection from magic

@: lethally poisoned (-2 -> -4), very slightly contaminated, repel missiles
A: unfitting armour, antennae 2, claws 3, talons 1, clumsy 1, deterioration 1,
fast metabolism 3, gourmand, low mp 1, regeneration 1, shaggy fur 1, electricity
resistance, tough skin 2, weak 1, evolution 1, subdued magic 1
a: Upheaval, Renounce Religion


You were on level 9 of the Dungeon.
You worshipped Qazlal.
Qazlal was pleased with you.
You were full.

You visited 2 branches of the dungeon, and saw 11 of its levels.

You collected 523 gold pieces.
You spent 70 gold pieces at shops.

Inventory:

Hand Weapons
 a - a +1 dagger
Armour
 i - a +2 robe of the Archmagi (worn)
Jewellery
 b - a +2 ring of dexterity (right claw)
 l - a ring of protection from magic (left claw)
 H - an uncursed ring of protection from cold
Wands
 w - a wand of random effects (22/48)
 z - a wand of lightning (5/15)
 I - a wand of lightning (7/15)
 J - a wand of iceblast (1/15)
Scrolls
 e - 3 scrolls of immolation {unknown}
 g - a scroll of magic mapping
 j - 7 scrolls of teleportation
 k - 3 scrolls of fear
 o - 2 scrolls of blinking
 p - 3 scrolls of fog {unknown}
 q - 5 scrolls of remove curse
 v - a scroll of enchant weapon
 x - 5 scrolls of amnesia
 C - a scroll of holy word
Potions
 h - a potion of beneficial mutation
 n - 4 potions of curing {unknown}
 t - 2 potions of agility {unknown}
 B - a potion of resistance
 E - a potion of invisibility
 G - a potion of berserk rage
Books
 c - a book of Maledictions

   Spells                             Type                      Level
   a - Corona                         Hexes                        1
   b - Ensorcelled Hibernation        Hexes/Ice                    2
   c - Confuse                        Hexes                        3
   d - Tukima's Dance                 Hexes                        3
   e - Dazzling Spray                 Conjuration/Hexes            3
 s - a book of Cantrips

   Spells                             Type                      Level
   a - Confusing Touch                Hexes                        1
   b - Animate Skeleton               Necromancy                   1
   c - Summon Small Mammal            Summoning                    1
   d - Apportation                    Translocation                1
 y - a book of Minor Magic

   Spells                             Type                      Level
   a - Magic Dart                     Conjuration                  1
   b - Blink                          Translocation                2
   c - Call Imp                       Summoning                    2
   d - Repel Missiles                 Charms/Air                   2
   e - Slow                           Hexes                        2
   f - Conjure Flame                  Conjuration/Fire             3
   g - Mephitic Cloud                 Conjuration/Poison/Air       3
 D - a book of Flames

   Spells                             Type                      Level
   a - Flame Tongue                   Conjuration/Fire             1
   b - Throw Flame                    Conjuration/Fire             2
   c - Conjure Flame                  Conjuration/Fire             3
   d - Inner Flame                    Hexes/Fire                   3
   e - Sticky Flame                   Conjuration/Fire             4
   f - Fireball                       Conjuration/Fire             5
 F - a book of Maledictions

   Spells                             Type                      Level
   a - Corona                         Hexes                        1
   b - Ensorcelled Hibernation        Hexes/Ice                    2
   c - Confuse                        Hexes                        3
   d - Tukima's Dance                 Hexes                        3
   e - Dazzling Spray                 Conjuration/Hexes            3
Comestibles
 d - 10 bread rations
 f - 3 meat rations
 u - 8 fruits
 A - a royal jelly


   Skills:
 - Level 0.7 Short Blades
 - Level 1.5 Dodging
 - Level 1.5 Stealth
 * Level 10.4 Unarmed Combat
 + Level 4.7 Spellcasting
 + Level 1.1 Conjurations
 - Level 5.3 Hexes
 + Level 1.0 Charms
 + Level 0.9 Summonings
 + Level 1.2 Translocations
 + Level 1.7 Fire Magic
 + Level 1.2 Air Magic
 + Level 1.2 Poison Magic


You had 4 spell levels left.
You knew the following spells:

 Your Spells              Type           Power        Failure   Level  Hunger
a - Call Imp              Summ           #.......     17%         2    ##.....
b - Blink                 Tloc           N/A          17%         2    ##.....
c - Mephitic Cloud        Conj/Pois/Air  #.......     34%         3    ###....
d - Inner Flame           Hex/Fire       ##......     12%         3    ###....
m - Repel Missiles        Chrm/Air       #.....       17%         2    ##.....
x - Confusing Touch       Hex            ###...       1%          1    None
z - Corona                Hex            ###....      1%          1    None


Dungeon Overview and Level Annotations

Branches:
Dungeon (10/15)            Temple (1/1) D:4
   Lair: D:8-11         Orc: D:9-12

Altars:
Ashenzari
Cheibriados
Dithmenos
Elyvilon
Gozag
Hepliaklqana
Kikubaaqudgha
Makhleb
Nemelex Xobeh
Okawaru
Qazlal
Ru
Sif Muna
Trog
Uskayaw
Xom
Yredelemnul
Zin
The Shining One

Shops:
D:4 *


Innate Abilities, Weirdness & Mutations

You are too large for most types of armour.
You have claws for hands.
Your metabolism is lightning-fast.
You like to eat raw meat.
Your natural rate of healing is unusually fast.
You are covered in fur. (AC +1)
You have very tough skin. (AC +2)
You have a pair of antennae on your head.
You have sharp toenails.
You are clumsy. (Dex -2)
Your body sometimes deteriorates upon taking damage.
Your magical capacity is low. (-10% MP)
You are resistant to electric shocks. (rElec)
You are weak. (Str -2)
You evolve.
Your spells are a little easier to cast, but a little less powerful.


Message History

The killer bee completely misses you.
You scratch the killer bee but do no damage.
You feel sick. The centaur hits you.
* * * LOW HITPOINT WARNING * * *
The killer bee closely misses you.
You miss the killer bee. Your kick misses the killer bee.
You feel sick. The killer bee misses you.
The centaur hits you but does no damage.
The killer bee stings you but does no damage.
You scratch the killer bee but do no damage.
The killer bee appears confused.
Your kick misses the killer bee.
Your claws stop glowing.
You feel sick. The centaur barely misses you. The centaur hits you!
* * * LOW HITPOINT WARNING * * *
It was a potion of beneficial mutation.
The antennae on your head grow some more.
You feel fantastic!
You feel sick.
The killer bee is engulfed in freezing vapours.
The centaur hits you!
You die...

.......##
##......## ##...
.......)#
#..##...##### ##..
........#
#####.......## ###.
<.......#
#........######...
.......##
#..............###
..^...##
###...........####
.....##
##..............##
# ...###
#....c....(......#
# .###
#...@...........##
## ##
##..ยง...........#
#. ##.y...........#
#. #............##
##. #...........##
#.. ##...........#
#.. ####
#...........## #..
#..####.......##.##
###
#....##......#####
#


You could see a centaur and a killer bee (confused).

Vanquished Creatures
  The ghost of darthinebriated the Cleaver, a novice MiBe of Trog (D:7)
  Pikel (D:6)
  A hippogriff (D:9)
  4 yaks (D:9)
  A hungry ghost (D:8)
  2 orc warriors
  A phantom (D:4)
  3 sky beasts
  A black bear (D:7)
  2 ice beasts
  A necrophage (D:5)
  4 centaurs
  5 ogres
  A crocodile (D:8)
  2 bullfrogs (D:7)
  A wyvern skeleton (D:6)
  2 scorpions
  2 water moccasin skeletons
  4 wights (D:7)
  5 killer bees (D:9)
  2 howler monkeys (D:7)
  An electric eel (D:7)
  A centaur zombie (D:9)
  5 crimson imps
  4 orc priests
  A quasit (D:8)
  A hound (D:6)
  A jelly (D:9)
  A centaur skeleton (D:7)
  A bullfrog skeleton (D:5)
  Terence (D:3)
  3 orc wizards
  13 worker ants
  2 hound zombies
  A worker ant zombie (D:9)
  Robin (D:2)
  11 adders
  A shadow imp (D:7)
  2 oozes (D:1)
  An adder skeleton (D:9)
  An adder zombie (D:7)
  3 dart slugs
  2 worms (D:2)
  2 leopard geckos
  21 orcs
  A ball python (D:2)
  6 giant cockroaches
  5 hobgoblins
  10 jackals
  5 kobolds
  A quokka (D:5)
  8 bats
  16 goblins
  A quokka zombie (D:9)
  7 rats
  A rat zombie (D:2)
  A spectral orc (D:4)
189 creatures vanquished.

Notes
Turn   | Place    | Note
-------+----------+-------------------------------------------
     0 | D:1      | Grinner the Troll Enchanter began the quest for the Orb.
     0 | D:1      | Reached XP level 1. HP: 16/16 MP: 1/1
    45 | D:1      | Reached skill level 1 in Unarmed Combat
    58 | D:1      | Reached XP level 2. HP: 17/24 MP: 3/3
   549 | D:1      | You fall through a shaft!
   609 | D:2      | Noticed Robin
   609 | D:2      | Reached XP level 3. HP: 25/31 MP: 4/4
   630 | D:2      | Killed Robin
   630 | D:2      | Reached skill level 2 in Unarmed Combat
   863 | D:2      | Found an ancient bone altar of Kikubaaqudgha.
  1014 | D:2      | Reached XP level 4. HP: 36/39 MP: 5/5
  1248 | D:2      | Learned a level 1 spell: Confusing Touch
  1407 | D:2      | Found a sacrificial altar of Ru.
  1790 | D:3      | Noticed Terence
  1792 | D:3      | Found a shattered altar of Ashenzari.
  1800 | D:3      | Reached skill level 3 in Unarmed Combat
  1811 | D:3      | Killed Terence
  1811 | D:3      | Reached XP level 5. HP: 43/45 MP: 5/7
  2441 | D:4      | Noticed a phantom
  2479 | D:4      | Killed a phantom
  2479 | D:4      | Reached skill level 4 in Unarmed Combat
  2584 | D:4      | Reached XP level 6. HP: 53/53 MP: 8/8
  2625 | D:4      | Found Ehuwas's Assorted Antiques.
  2630 | D:4      | Bought a scroll labeled UQEFFIFIONI for 18 gold pieces
  2630 | D:4      | Bought a scroll labeled NUCOOLE FIAB for 18 gold pieces
  2630 | D:4      | Bought a murky emerald potion for 16 gold pieces
  2630 | D:4      | Bought a scroll labeled KAJOAN KUFYCO for 18 gold pieces
  2817 | D:4      | Learned a level 2 spell: Repel Missiles
  2992 | D:4      | Reached skill level 5 in Unarmed Combat
  2994 | D:4      | Found a staircase to the Ecumenical Temple.
  3004 | Temple   | Entered the Ecumenical Temple
  3195 | Temple   | Became a worshipper of Qazlal Stormbringer
  3291 | D:4      | Found a basalt altar of Yredelemnul.
  3390 | D:5      | Entered Level 5 of the Dungeon
  3420 | D:5      | Reached XP level 7. HP: 23/59 MP: 6/9
  3527 | D:5      | Found a stormy altar of Qazlal.
  3590 | D:5      | Found a sparkling altar of Nemelex Xobeh.
  3603 | D:5      | Found a deep blue altar of Sif Muna.
  3974 | D:5      | Reached skill level 6 in Unarmed Combat
  4195 | D:5      | Reached XP level 8. HP: 19/67 MP: 11/11
  4352 | D:5      | Reached skill level 7 in Unarmed Combat
  4570 | D:6      | Reached * piety under Qazlal
  4867 | D:6      | Gained mutation: You evolve. [potion of mutation]
  4867 | D:6      | Gained mutation: Armour fits poorly on your strangely shaped body. [potion of mutation]
  4867 | D:6      | Gained mutation: You are clumsy. (Dex -2) [potion of mutation]
  5075 | D:6      | Noticed Pikel
  5090 | D:6      | Killed Pikel
  5090 | D:6      | Reached skill level 8 in Unarmed Combat
  5090 | D:6      | Reached XP level 9. HP: 37/74 MP: 11/13
  5471 | D:7      | Gained mutation: Scrolls take you a little longer to read. [potion of mutation]
  5471 | D:7      | Lost mutation: Scrolls take you a little longer to read. [potion of mutation]
  5471 | D:7      | Gained mutation: Your muscles are strong. (Str +2) [potion of mutation]
  5485 | D:7      | Reached skill level 9 in Unarmed Combat
  5489 | D:7      | Lost mutation: Your muscles are strong. (Str +2) [mutagenic meat]
  5490 | D:7      | Gained mutation: You have a pair of small antennae on your head. [mutagenic meat]
  5491 | D:7      | Gained mutation: Your spells are a little easier to cast, but a little less powerful. [mutagenic meat]
  5510 | D:7      | Learned a level 2 spell: Blink
  5513 | D:7      | Learned a level 2 spell: Call Imp
  5517 | D:7      | Learned a level 3 spell: Mephitic Cloud
  5832 | D:7      | Noticed darthinebriated's ghost (novice MiBe)
  5877 | D:7      | Killed darthinebriated's ghost
  5877 | D:7      | Reached skill level 5 in Hexes
  6029 | D:7      | Reached skill level 10 in Unarmed Combat
  6208 | D:7      | Gained mutation: You have sharp toenails. [potion of mutation]
  6208 | D:7      | Lost mutation: Armour fits poorly on your strangely shaped body. [potion of mutation]
  6351 | D:8      | Reached ** piety under Qazlal
  6369 | D:8      | Learned a level 3 spell: Inner Flame
  6468 | D:8      | Reached XP level 10. HP: 70/81 MP: 15/15
  7116 | D:9      | Reached skill level 1 in Fire Magic
  7134 | D:9      | Reached skill level 1 in Poison Magic
  7147 | D:9      | Reached skill level 1 in Conjurations
  7147 | D:9      | Reached skill level 1 in Air Magic
  7254 | D:9      | Reached skill level 1 in Translocations
  7312 | D:9      | Reached skill level 1 in Charms
  7423 | D:9      | Gained mutation: Your body sometimes deteriorates upon taking damage. [potion of mutation]
  7423 | D:9      | Gained mutation: You are weak. (Str -2) [potion of mutation]
  7424 | D:9      | Gained mutation: Your magical capacity is low. (-10% MP) [potion of mutation]
  7424 | D:9      | Gained mutation: You are resistant to electric shocks. (rElec) [potion of mutation]
  7700 | D:10     | Entered Level 10 of the Dungeon
  7718 | D:9      | Gained mutation: You have a pair of antennae on your head. [potion of beneficial mutation]
  7718 | D:9      | Slain by a centaur

Skill      XL: |  1  2  3  4  5  6  7  8  9 10 |
---------------+-------------------------------+-----
Unarmed Combat | 1 2 3 4 5 6 8 10 | 10.4
Spellcasting   | 2 3 4 |  4.7
Hexes          | 3 4 5 |  5.3
Fire Magic     | 1 |  1.7
Poison Magic   | 1 |  1.2
Conjurations   | 1 |  1.1
Air Magic      | 1 |  1.2
Translocations | 1 |  1.2
Charms         | 1 |  1.0
Short Blades   | |  0.7
Dodging        | |  1.5
Stealth        | |  1.5
Summonings     | |  0.9

Action                   |  1- 3 |  4- 6 |  7- 9 | 10-12 || total
-------------------------+-------+-------+-------+-------++-------
Melee: Dagger            |    10 |       |       |       ||    10
       Unarmed           |   101 |   211 |   296 |   133 ||   741
       Punch             |       |     5 |    10 |    10 ||    25
       Kick              |       |       |     5 |    39 ||    44
 Cast: Confusing Touch   |       |    13 |    28 |    15 ||    56
       Call Imp          |       |       |     1 |       ||     1
       Repel Missiles    |       |       |       |     1 ||     1
  Use: Potion            |       |       |     4 |     4 ||     8
       Scroll            |       |       |    12 |     2 ||    14
 Stab: Sleeping          |     4 |     1 |       |       ||     5
       Confused          |       |     8 |    19 |     8 ||    35
  Eat: Chunk             |    14 |    20 |    36 |    11 ||    81
Armor: Robe              |    43 |    68 |    56 |    47 ||   214
Dodge: Dodged            |    68 |    98 |    86 |    74 ||   326
Block: Other             |       |       |     7 |    12 ||    19
